Map: Ultralove

Players

Senna

  • Race: Terran Terran
  • League: Silver
  • Spawn Location: 1:00

GangusKaun - Winner!

  • Race: Protoss Protoss
  • League: Gold
  • Spawn Location: 7:00

VOD

Have the link to the VOD?

Description

Time

  • Played on: Dec. 4, 2024, 9:09 p.m.
  • Length: 7:34
Show
View Real Time Build Order
Export as new Build Order

Senna Terran 

Build Orders:  

Get SALT Encoding   

  12  0:49  Supply Depot  
  12  1:16  Barracks  
  12  1:22  Barracks  
  12  1:29  Barracks  
  7  2:55  Marine  
  7  3:13  Marine  
  6  3:42  Refinery  
  6  3:45  Refinery  
  6  3:57  Barracks  
  6  4:02  Barracks  
  5  4:50  Marine x2  
  4  5:08  Marine x2  
  4  5:26  Marine x2  
  6  5:43  Marine  
  6  5:44  Marine  
  8  6:01  Marine x2  
Show
View Real Time Build Order
Export as new Build Order

GangusKaun Protoss - Winner!

Build Orders:  

Get SALT Encoding   

  12  0:07  Probe  
  13  0:15  Pylon  
  13  0:20  Probe  
  14  0:32  Probe  
  15  0:36  Gateway  
  15  0:44  Probe  
  15  0:48  Assimilator  
  16  0:57  Probe  
  17  1:09  Probe  
  18  1:21  Probe  
  19  1:28  Cybernetics Core  
  19  1:33  Probe  
  20  1:49  Assimilator  
  20  2:13  Zealot  
  20  2:14  Pylon  
  20  2:15  Probe  
  20  2:20  Warp Gate  
  23  2:28  Probe  
  24  2:38  Zealot  
  24  2:40  Probe  
  27  2:59  Adept  
  29  3:13  Twilight Council  
  29  3:50  Nexus  
  29  3:56  Probe  
  30  4:08  Probe  
  31  4:22  Dark Shrine  
  31  4:30  Pylon  
  31  4:35  Pylon  
  31  4:57  Probe  
  32  5:09  Probe  
  33  5:23  Gateway x2  
  33  5:24  Gateway  
  33  5:28  Gateway  
  33  5:31  Pylon, Assimilator  
  33  5:33  Assimilator  
  33  5:47  Probe x2  
  35  6:11  Stargate  
  35  6:17  Shield Battery  
  35  6:19  Dark Templar x2  
  35  6:20  Dark Templar  
  41  6:50  Phoenix  
  41  6:58  Pylon x2  
  43  7:02  Pylon  
  45  7:21  Pylon  
  45  7:25  Pylon  
Tags
 
Matchup
PvT
Spawn Locations
Cross Positions
Add a new tag
Caveats
  • Supply blocks, unpowered buildings, or Contaminate may cause inaccurate times.
  • Supply counts are checked every 10 seconds.